 Dungeon Crawl Stone Soup version 0.27-a0-1217-g8a41f320e8 (webtiles) character file.

Game seed: 15353258510394015747

26 Ancestrald the Firebug (level 3, 0/26 HPs)
             Began as a Hill Orc Fire Elementalist on June 6, 2021.
             Slain by a hound (4 damage)
             ... on level 2 of the Dungeon.
             The game lasted 00:06:30 (1186 turns).

Ancestrald the Firebug (Hill Orc Fire Elementalist) Turns: 1186, Time: 00:06:31

Health: 0/26       AC:  2    Str: 10    XL:     3   Next: 8%
Magic:  4/5        EV: 12    Int: 16    God:
Gold:   0          SH:  0    Dex: 11    Spells: 4/5 levels left

rFire    . . .     SeeInvis .   d - +0 short sword
rCold    . . .     Faith    .   (no shield)
rNeg     . . .     Spirit   .   h - +0 robe {Will+}
rPois    .         Reflect  .   (no helmet)
rElec    .         Harm     .   (no cloak)
rCorr    .         Rampage  .   (no gloves)
Will     +....                  (no boots)
Stlth    ++........             (no amulet)
HPRegen  0.08/turn              (no ring)
MPRegen  0.09/turn              (no ring)

@: no status effects
A: no striking features
a: no special abilities


You were on level 2 of the Dungeon.
You visited 1 branch of the dungeon, and saw 2 of its levels.

Inventory:

Hand Weapons
 d - a +0 short sword (weapon)
 f - a +0 dagger
 i - a +0 short sword
 k - a +0 dagger
Missiles
 c - 19 sling bullets
 e - 23 stones
 g - 22 poisoned darts
Armour
 a - a +0 robe
 h - a +0 robe of willpower (worn)
 j - a +0 ring mail
Potions
 b - a potion of degeneration {unknown}
 l - a potion of heal wounds {unknown}
 m - a potion of haste {unknown}


   Skills:
 * Level 0.2 Fighting
 + Level 1.7 Dodging
 + Level 1.6 Stealth
 + Level 1.7 Spellcasting
 + Level 1.2 Conjurations
 * Level 4.1 Fire Magic


You had 4 spell levels left.
You knew the following spells:

 Your Spells              Type           Power      Damage    Failure   Level
a - Foxfire               Conj/Fire      36%        2x1d5     7%          1

Your spell library contained the following spells:

 Spells                   Type           Power      Damage    Failure   Level
 Conjure Flame            Conj/Fire      9%         6-21      22%         3
 Inner Flame              Hex/Fire       8%         N/A       26%         3
 Sticky Flame             Conj/Fire      9%         2d3       56%         4
 Fireball                 Conj/Fire      4%         3d4       89%         5


Dungeon Overview and Level Annotations

Branches:
Dungeon (2/15)

Altars:

Annotations:
D:2 Jessica


Message History

The hound is moderately wounded.
Casting: Foxfire (safe; 7% risk of failure)
Press: ? - help, Q - select action, (/) - cycle Dir - look around, f - activate You conjure some foxfire!
The hound barely misses you. x2
Your foxfire dissipates!
Casting: Foxfire (safe; 7% risk of failure)
Press: ? - help, Q - select action, (/) - cycle Dir - look around, f - activate You conjure some foxfire!
The hound bites you. x2
Your foxfire dissipates!
Jessica mumbles some strange words.
Jessica blinks!
The hound bites you. The hound misses you.
The hound pauses to sniff the ground.
The hound barely misses you. The hound bites you but does no damage.
The hound bites you. The hound barely misses you. The hound closely misses you.
The hound misses you.
A rat comes into view.
The hound closely misses you.
Found 14 gold pieces.
The hound bites you. The hound barely misses you.
You see here 14 gold pieces.
The rat barely misses you.
You barely miss the rat. The hound misses you. The hound bites you.
The rat barely misses you.
You hit the rat but do no damage. The hound barely misses you.
The rat misses you.
You closely miss the rat. The hound bites you. x2
* * * LOW HITPOINT WARNING * * *
The rat barely misses you.
You hit the rat.
You kill the rat!
The hound bites you.
You die...

## .# .#
##############
.#
#............#
.#
#.##########.#
## #.# #.# #.#
#h# #####.#
#h# ......#
#@# #######
#†# ...... ...
###### #####


You could see a hound and a jackal.

Vanquished Creatures
  A dart slug (D:1)
  2 ball pythons (D:1)
  3 bats (D:1)
  3 giant cockroaches (D:1)
  4 hobgoblins (D:1)
  2 jackals (D:1)
  A quokka (D:1)
  4 kobolds (D:1)
  2 rats
22 creatures vanquished.

Vanquished Creatures (others)
  57 foxfires
57 creatures vanquished.

Grand Total: 79 creatures vanquished

Notes
Turn   | Place    | Note
-------+----------+-------------------------------------------
     0 | D:1      | Ancestrald the Hill Orc Fire Elementalist began the quest
                  | for the Orb.
     0 | D:1      | Reached XP level 1. HP: 14/14 MP: 3/3
   135 | D:1      | Reached XP level 2. HP: 20/20 MP: 1/4
   554 | D:1      | Reached skill level 4 in Fire Magic
   857 | D:1      | Reached XP level 3. HP: 26/26 MP: 2/5
  1144 | D:2      | Noticed Jessica
  1186 | D:2      | Slain by a hound

Illustrated notes

Levels and vault maps discovered:
D:1:      lightli_arrival_boilingwater, layout_loops_ring
D:2:      layout_basic, basic_altar, uniq_crazy_yiuf_cottage, uniq_sigmund,
          uniq_jessica, uniq_natasha

Skill      XL: |  1  2 |
---------------+-------+-----
Fire Magic     | 4 |  4.1
Fighting       | |  0.2
Dodging        | |  1.7
Stealth        | |  1.6
Spellcasting   | |  1.7
Conjurations   | |  1.2

Action                   || total
-------------------------++-------
Melee: Short sword       ||    25
       Unarmed           ||     1
 Cast: Foxfire           ||    46
  Use: Scroll            ||     1
Armor: Robe              ||     8
Dodge: Dodged            ||    43

Table legend: (Time is in decaauts)
 A = Elapsed time spent in this place.
 B = Non-inter-level travel time spent in this place.
 C = Inter-level travel time spent in this place.
 D = Time resting spent in this place.
 E = Time spent auto-exploring this place.
 F = Levels seen in this place.
 G = Mean time per level.
                   A        B        C        D        E       F      G
               +--------+--------+--------+--------+--------+-----+--------+
         Total |   1189 |   1156 |     33 |      0 |    900 |   2 |  594.5 |
       Dungeon |   1189 |   1156 |     33 |      0 |    900 |   2 |  594.5 |
               +--------+--------+--------+--------+--------+-----+--------+

Top non-repeatable levels by time:
     D:1: 1140 daAuts
     D:2: 49 daAuts
